 Dungeon Crawl Stone Soup version 0.29.0-13-gc9e81de378 (webtiles) character file.

Game seed: 12809927681118144632

16 Persephone the Chopper (level 2, 0/26 HPs)
             Began as a Hill Orc Monk on Sept 7, 2022.
             Slain by an adder (2 damage)
             ... on level 2 of the Dungeon.
             The game lasted 00:00:52 (503 turns).

Persephone the Chopper (Hill Orc Monk)               Turns: 503, Time: 00:00:52

Health: 0/26       AC:  2    Str: 13    XL:     2   Next: 54%
Magic:  2/2        EV: 12    Int: 10    God:
Gold:   19         SH:  0    Dex: 13    Spells: 1/1 levels left

rFire   . . .      SeeInvis .   a - +0 hand axe
rCold   . . .      Faith    .   (no shield)
rNeg    . . .      Spirit   .   b - +0 robe
rPois   .          Reflect  .   (no helmet)
rElec   .          Harm     .   (no cloak)
rCorr   .          Rampage  .   (no gloves)
Will    .....                   (no boots)
Stlth   ++........              (no amulet)
HPRegen 0.08/turn               (no ring)
MPRegen 0.08/turn               (no ring)

@: no status effects
A: no striking features
a: no special abilities


You were on level 2 of the Dungeon.
You visited 1 branch of the dungeon, and saw 2 of its levels.

You collected 19 gold pieces.

Inventory:

Hand Weapons
 a - a +0 hand axe (weapon)
Armour
 b - a +0 robe (worn)
Jewellery
 e - a ring of willpower
Scrolls
 d - 2 scrolls of identify {unknown}


   Skills:
 - Level 3.6 Fighting
 + Level 5.1 Axes
 - Level 2.4 Dodging
 - Level 1.5 Stealth


You had one spell level left.
You didn't know any spells.
Your spell library was empty.

Dungeon Overview and Level Annotations

Branches:
Dungeon (1/15)

Altars:


Message History

The adder bites you but does no damage.
You are confused.
You feel invigorated.
* * * LOW HITPOINT WARNING * * *
You feel sick. The bat misses you. The adder closely misses you.
You feel sick. The bat hits you but does no damage.
The adder closely misses you. The adder barely misses you.
You feel sick. The bat misses you. The adder closely misses you.
You feel less invigorated.
You feel less confused.
You feel sick. The bat barely misses you. The adder bites you.
You feel sick. The bat misses you. The adder barely misses you.
You feel sick.
You are no longer poisoned.
The adder bites you but does no damage. The adder barely misses you.
The bat hits you but does no damage. The adder closely misses you.
You miss the adder.
The adder is moderately wounded.
You barely miss the bat. The bat barely misses you. The adder bites you.
* * * LOW HITPOINT WARNING * * *
You hit the adder.
The adder is severely wounded.
The adder barely misses you. The bat hits you.
* * * LOW HITPOINT WARNING * * *
The adder bites you but does no damage.
You miss the adder.
The adder is heavily wounded.
You hit the bat but do no damage. The bat closely misses you.
The adder bites you.
* * * LOW HITPOINT WARNING * * *
You hit the adder.
The adder is severely wounded.
You hit the bat.
You kill the bat!
The adder bites you.
* * * LOW HITPOINT WARNING * * *
You miss the adder.
The adder is severely wounded.
The adder bites you.
You die...

..............
.............
............
...........
#..........
#####..........
#......S.......
#......@)#
#.......†######
#..............
#..............
#..............
#..............
####..........#
#..........#
#...........


You could see an adder.

Vanquished Creatures
  2 bats
  3 endoplasms (D:1)
  A giant cockroach (D:1)
  2 goblins
  2 hobgoblins (D:1)
  A kobold (D:1)
  2 ball pythons (D:1)
13 creatures vanquished.

Notes
Turn   | Place    | Note
-------+----------+-------------------------------------------
     0 | D:1      | Persephone the Hill Orc Monk began the quest for the Orb.
     0 | D:1      | Reached XP level 1. HP: 19/19 MP: 1/1
   298 | D:1      | Reached XP level 2. HP: 24/26 MP: 2/2
   342 | D:1      | Noticed a shining eye
   344 | D:1      | Found a faded altar of an unknown god.
   346 | D:1      | Noticed a shining eye
   371 | D:1      | Noticed a shining eye
   371 | D:1      | Noticed a golden eye
   434 | D:1      | Reached skill level 5 in Axes
   462 | D:1      | You fall into a shaft and drop 1 floor!
   503 | D:2      | Slain by an adder

Illustrated notes

Levels and vault maps discovered:
D:1:      dpeg_arrival_yet_another_circle, layout_basic,
          hellmonk_ecumenical_altar_watching_god, chequers_garden,
          nicolae_concentric_dashed_squares_mild, minivault_26
D:2:      layout_basic, uniq_robin

Skill      XL: |  1  2 |
---------------+-------+-----
Axes           | 5 |  5.1
Fighting       | |  3.6
Dodging        | |  2.4
Stealth        | |  1.5

Action                   || total
-------------------------++-------
Melee: Hand axe          ||    45
  Use: Potion            ||     1
 Stab: Sleeping          ||     2
Armor: Robe              ||    10
Dodge: Dodged            ||    38
